 Dungeon Crawl Stone Soup version 0.24.0-28-g17ded55e90 (webtiles) character file.

Game seed: 5615049943773463171, levelgen mode: deterministic

39 night the Chopper (level 3, -1/21 HPs)
             Began as a Gargoyle Gladiator on Nov 11, 2019.
             Slain by an adder (4 damage)
             ... on level 2 of the Dungeon.
             The game lasted 00:02:13 (960 turns).

night the Chopper (Gargoyle Gladiator)               Turns: 960, Time: 00:02:13

Health: -1/21      AC:  7    Str: 18    XL:     3   Next: 45%
Magic:  3/3        EV: 12    Int:  8    God:
Gold:   46         SH:  0    Dex: 11    Spells: 2/2 levels left

rFire    . . .     SeeInvis .   a - +0 war axe
rCold    . . .     Gourm    .   (no shield)
rNeg     + . .     Faith    .   b - +0 leather armour
rPois    ∞         Spirit   .   c - +0 helmet
rElec    +         Reflect  .   (no cloak)
rCorr    .         Harm     .   (no gloves)
MR       .....                  (no boots)
Stlth    +.........             l - amulet of inaccuracy (curse)
HPRegen  0.07/turn              (no ring)
MPRegen  0.08/turn              (no ring)

@: hasted, very quick
A: negative energy resistance 1, electricity resistance, unbreathing,
petrification resistance, rot immunity, AC +3
a: no special abilities


You were on level 2 of the Dungeon.
You were not hungry.

You visited 1 branch of the dungeon, and saw 2 of its levels.

You collected 46 gold pieces.

Inventory:

Hand Weapons
 a - a +0 war axe (weapon)
Missiles
 d - 3 throwing nets (quivered)
Armour
 b - a +0 leather armour (worn)
 c - a +0 helmet (worn)
Jewellery
 j - a +2 amulet of reflection
 l - a cursed amulet of inaccuracy (around neck)
Scrolls
 e - a scroll of identify
 k - a scroll of noise
Potions
 h - a potion of curing
Comestibles
 f - 2 rations
 g - 2 chunks of flesh


   Skills:
 - Level 2.1 Fighting
 + Level 4.0 Axes
 - Level 1.7 Throwing
 - Level 2.4 Dodging


You had 2 spell levels left.
You didn't know any spells.
Your spell library was empty.

Dungeon Overview and Level Annotations

Branches:
Dungeon (2/15)

Altars:
Xom


Innate Abilities, Weirdness & Mutations

You are resistant to torment.
Your stone body is resilient. (AC +3)
You are immune to poison.
You resist negative energy. (rN+)
You are resistant to electric shocks. (rElec)
You can survive without breathing.
You are immune to petrification.
You are immune to rotting.


Message History

It was a potion of haste.
You feel yourself speed up. The adder bites you but does no damage.
You miss the adder.
The adder is heavily wounded.
The adder completely misses you. The bat closely misses you.
You closely miss the adder.
The adder is heavily wounded.
You slash the bat!
You kill the bat!
The adder closely misses you.
You barely miss the adder.
The adder is heavily wounded.
The adder misses you.
You completely miss the adder.
The adder is heavily wounded.
The adder barely misses you.
You hit the adder.
The adder is heavily wounded.
The adder misses you. The adder bites you.
You die...

#(..#.......#..
#...#.......#..
######.....(._.....#.#
.....#...#.......# ..
##.##...$#.......#..##
#8.8##...# ..... ...#
........g####.####...# 8
#...bS@...).?....##.
.##.##.#.#######.......!.
....#.......# #.......#
.............####......##
.............##..<#..###
.................#...#
##............#..#..##
##.#.#.###.........#
#......# #.........#


You could see an adder, a hobgoblin and a bat.

Vanquished Creatures
  An adder (D:2)
  A leopard gecko (D:1)
  8 bats
  A giant cockroach (D:1)
  3 goblins (D:1)
  5 hobgoblins
  A frilled lizard (D:1)
  3 kobolds (D:1)
  7 rats
30 creatures vanquished.

Notes
Turn   | Place    | Note
-------+----------+-------------------------------------------
     0 | D:1      | night the Gargoyle Gladiator began the quest for the Orb.
     0 | D:1      | Reached XP level 1. HP: 12/12 MP: 1/1
    66 | D:1      | Reached skill level 3 in Axes
   122 | D:1      | Reached XP level 2. HP: 17/17 MP: 2/2
   860 | D:2      | Reached XP level 3. HP: 21/21 MP: 3/3
   875 | D:2      | Found a shimmering altar of Xom.
   893 | D:2      | Reached skill level 4 in Axes
   960 | D:2      | Slain by an adder

Levels and vault maps discovered:
D:1:      shiori_shiawase, layout_basic, grunt_decor_cap
D:2:      layout_rooms, old_standard_altar, small_statue_intersection

Skill      XL: |  1  2  3 |
---------------+----------+-----
Axes           | 3 4 |  4.0
Fighting       | |  2.1
Throwing       | |  1.7
Dodging        | |  2.4

Action                   || total
-------------------------++-------
Melee: War axe           ||   120
  Use: Scroll            ||     2
       Potion            ||     1
Armor: Leather armour    ||    87
Dodge: Dodged            ||   146
Block: Other             ||     4
